 Dungeon Crawl Stone Soup version 0.27-a0-681-g0c81a3c1c3 (webtiles) character file.

Game seed: 16223606126755861682

48 rednaxela the Charlatan (level 3, -2/27 HPs)
             Began as a Mummy Artificer on Mar 20, 2021.
             Shot with a stone by a goblin (7 damage)
             ... on level 2 of the Dungeon.
             The game lasted 00:09:19 (2361 turns).

rednaxela the Charlatan (Mummy Artificer)           Turns: 2361, Time: 00:09:19

Health: -2/27      AC:  5    Str: 15    XL:     3   Next: 50%
Magic:  3/3        EV: 11    Int: 10    God:
Gold:   92         SH:  0    Dex: 13    Spells: 2/2 levels left

rFire    x . .     SeeInvis .   g - +0 falchion
rCold    + . .     Faith    .   (no shield)
rNeg     + + +     Spirit   .   b - +0 leather armour
rPois    ∞         Reflect  .   (no helmet)
rElec    .         Harm     .   j - +0 cloak
rCorr    .         Rampage  .   k - +0 pair of gloves
Will     .....                  (no boots)
Stlth    +.........             (no amulet)
HPRegen  0.09/turn              (no ring)
MPRegen  0.08/turn              (no ring)

@: no status effects
A: cold resistance 1, negative energy resistance 3, torment resistance 2,
unbreathing 1, heat vulnerability 1, no potions
a: no special abilities


You were on level 2 of the Dungeon.
You visited 1 branch of the dungeon, and saw 3 of its levels.

You collected 92 gold pieces.

Inventory:

Hand Weapons
 g - a +0 falchion (weapon)
   (You found it on level 1 of the Dungeon)
Missiles
 a - 4 javelins (quivered)
 h - 80 stones
Armour
 b - a +0 leather armour (worn)
 j - a +0 cloak (worn)
   (You found it on level 1 of the Dungeon)
 k - a +0 pair of gloves (worn)
   (You found it on level 2 of the Dungeon)
Wands
 c - a wand of flame (12) {@v4}
 d - a wand of charming (10)
 e - a wand of random effects (15)
Scrolls
 f - 2 scrolls of enchant armour
 i - a scroll of identify {@r1}


   Skills:
 - Level 1.8 Fighting
 + Level 2.2 Long Blades
 - Level 1.5 Armour
 - Level 0.7 Dodging
 - Level 0.7 Stealth
 - Level 2.4 Evocations


You had 2 spell levels left.
You didn't know any spells.
Your spell library was empty.

Dungeon Overview and Level Annotations

Branches:
Dungeon (3/15)

Altars:
Wu Jian


Innate Abilities, Weirdness & Mutations

You are immune to poison.
Your flesh is cold resistant. (rC+)
You are immune to negative energy. (rN+++)
You are immune to unholy pain and torment.
You can survive without breathing.
You are vulnerable to heat. (rF-)
You do not drink.


Message History

There is a stone staircase leading down here.
You climb downwards.
A bat, a rat and an orc come into view.
The orc shouts!
Found 15 gold pieces.
Found an escape hatch in the ceiling.
There is a stone staircase leading up here.
There is an escape hatch in the ceiling here.
Really go through this one-way escape hatch?
The rat bites you but does no damage. A mysterious force pulls you upwards.
The hatch slams shut behind you.
The adder hisses angrily.
The hobgoblin shouts!
The hobgoblin completely misses you.
You riposte.
You closely miss the hobgoblin. The adder bites you.
* * * LOW HITPOINT WARNING * * *
As you read the scroll labelled EKHLYM UTTAKH, it crumbles to dust.
It is a scroll of identify.
f - 2 scrolls of enchant armour The adder barely misses you.
The hobgoblin barely misses you. The adder barely misses you.
You riposte.
You barely miss the adder. The rat barely misses you.
Okay, then.
A goblin comes into view.
The goblin shouts!
Aiming: Charm
Press: ? - help, Shift-Dir - straight line, f - adder
Aim: an adder (chance to affect: 62%)
The adder is charmed.
The hobgoblin closely misses you.
The goblin wields a +0 hunting sling.
The goblin shoots a stone.
The stone hits you.
* * * LOW HITPOINT WARNING * * *
The rat closely misses your adder. What are your orders? t - Shout!
Orders for allies: a - Attack new target. p - Attack previous target. r - Retreat! s - Stop attacking. g - Guard the area. f - Follow me.
Anything else - Cancel.
Gang up on whom?
Press: ? - help, Dir - move target, f - hobgoblin, p - adder
Aim: a hobgoblin, wearing a ring of magical power Attack!
Your adder barely misses the hobgoblin.
The hobgoblin hits you.
* * * LOW HITPOINT WARNING * * *
The rat barely misses your adder.
The goblin shoots a stone.
The stone closely misses you.
Aiming: Charm
Press: ? - help, Shift-Dir - straight line, f - goblin, p - hobgoblin
Aim: a goblin, wielding a +0 hunting sling and quivering stones (chance to affect: 70%)
The goblin struggles to resist.
Your adder bites the hobgoblin.
The hobgoblin is poisoned.
Your adder poisons the hobgoblin!
The hobgoblin hits you.
* * * LOW HITPOINT WARNING * * *
Your adder barely misses the hobgoblin.
The rat barely misses your adder.
The goblin shoots a stone.
The stone barely misses you.
Aiming: Charm
Press: ? - help, Shift-Dir - straight line, f/p - goblin
Aim: a goblin, wielding a +0 hunting sling and quivering stones (chance to affect: 70%)
The goblin struggles to resist.
An adder comes into view.
The hobgoblin drinks a potion.
The hobgoblin seems to speed up.
Your adder bites the hobgoblin.
The hobgoblin dies!
The rat closely misses your adder.
The goblin shoots a stone.
The stone closely misses you.
Aiming: Charm
Press: ? - help, Shift-Dir - straight line, f - adder, p - goblin
Aim: an adder (chance to affect: 62%)
The adder is charmed.
The rat twitches its whiskers.
The rat closely misses your adder.
The goblin shoots a stone.
The stone hits your adder. What are your orders? t - Shout!
Orders for allies: a - Attack new target. p - Attack previous target. r - Retreat! s - Stop attacking. g - Guard the area. f - Follow me.
Anything else - Cancel.
Gang up on whom?
Press: ? - help, Dir - move target, f - rat, p - adder
Aim: a rat
Okay, then.
The rat closely misses your adder.
The goblin shoots a stone.
The stone closely misses you.
You can't drink.
What are your orders? t - Shout!
Orders for allies: a - Attack new target. p - Attack previous target. r - Retreat! s - Stop attacking. g - Guard the area. f - Follow me.
Anything else - Cancel.
Gang up on whom?
Press: ? - help, Dir - move target, f - rat, p - adder
Aim: a rat Attack!
Your adder bites the rat but does no damage.
The rat barely misses your adder.
The goblin shoots a stone.
The stone barely misses your adder. The stone closely misses you.
Your adder barely misses the rat.
Your adder barely misses the rat.
The rat bites your adder.
The goblin shoots a stone.
The stone hits you!
You die...

...... ... .... g. ..K ##'# #.
##...## # ##.....## #.......#
#....S..# .........#....rS@#
.........##....=## #
.........###...## ##
.........#.############ #######B
........†.............. ........
.........####.#.##.#######.......
.B......# #.#..................
#.<...### #.###..#######.).....
##......# ##.###.## #.......


You could see a goblin, a rat (ally target) and 2 friendly adders.

Vanquished Creatures
  An adder (D:2)
  An ooze (D:1)
  2 giant cockroaches (D:2)
  A hobgoblin (D:1)
  5 kobolds
  2 quokkas (D:1)
  2 ball pythons (D:2)
  6 bats
  A frilled lizard (D:1)
  9 goblins
  4 rats
34 creatures vanquished.

Vanquished Creatures (collateral kills)
  A hobgoblin (D:2)
1 creature vanquished.

Vanquished Creatures (others)
  An adder (D:2)
1 creature vanquished.

Grand Total: 36 creatures vanquished

Notes
Turn   | Place    | Note
-------+----------+-------------------------------------------
     0 | D:1      | rednaxela the Mummy Artificer began the quest for the Orb.
     0 | D:1      | Reached XP level 1. HP: 15/15 MP: 1/1
   380 | D:1      | Reached XP level 2. HP: 19/22 MP: 2/2
   803 | D:1      | Reached skill level 1 in Long Blades
  1639 | D:2      | Reached XP level 3. HP: 14/27 MP: 3/3
  2212 | D:2      | Found an ornate altar of the Wu Jian Council.
  2304 | D:2      | Reached skill level 2 in Long Blades
  2361 | D:2      | Shot with a stone by a goblin

Illustrated notes

Levels and vault maps discovered:
D:1:      amcnicky_arrival_underground_garden, layout_basic
D:2:      kennysheep_six_static_rooms, layout_rooms, marbit_many_paths
D:3:      layout_loops_cross, evilmike_ruin_ashenzari, zin_treasury,
          lemuel_round_altar

Skill      XL: |  1  2  3 |
---------------+----------+-----
Long Blades    | 1 2 |  2.2
Fighting       | |  1.8
Armour         | |  1.5
Dodging        | |  0.7
Stealth        | |  0.7
Evocations     | |  2.4

Action                   || total
-------------------------++-------
Melee: Club              ||    15
       Falchion          ||    86
Evoke: Wand              ||     8
  Use: Scroll            ||     1
 Stab: Sleeping          ||     2
Armor: Leather armour    ||    35
Dodge: Dodged            ||   105
       Rpst.: Falchion   ||    28

Table legend: (Time is in decaauts)
 A = Elapsed time spent in this place.
 B = Non-inter-level travel time spent in this place.
 C = Inter-level travel time spent in this place.
 D = Time resting spent in this place.
 E = Time spent auto-exploring this place.
 F = Levels seen in this place.
 G = Mean time per level.
                   A        B        C        D        E       F      G
               +--------+--------+--------+--------+--------+-----+--------+
         Total |   2389 |   2251 |    138 |    708 |    977 |   3 |  796.3 |
       Dungeon |   2389 |   2251 |    138 |    708 |    977 |   3 |  796.3 |
               +--------+--------+--------+--------+--------+-----+--------+

Top non-repeatable levels by time:
     D:1: 1796 daAuts
     D:2: 586 daAuts
     D:3: 5 daAuts
